 Dungeon Crawl Stone Soup version 0.28-a0-1638-g9123634e07 (webtiles) character file.

Game seed: 9941542252997412812

4127 sizableburger the Magician (level 10, -11/77 HPs)
             Began as a Yellow Draconian Earth Elementalist on Jan 25, 2022.
             Was a Believer of the Shining One.
             Mangled by a boulder beetle (38 damage)
             ... on level 8 of the Dungeon.
             The game lasted 00:27:30 (10732 turns).

sizableburger the Magician (DrEE)                  Turns: 10732, Time: 00:27:31

Health: -11/77     AC: 14    Str: 10    XL:     10   Next: 6%
Magic:  2/19       EV: 13    Int: 26    God:    the Shining One [**....]
Gold:   439        SH:  0    Dex: 12    Spells: 4/21 levels left

rFire   . . .      SeeInvis .   v - +1 whip (elec)
rCold   . . .      Faith    .   y - orb {guile}
rNeg    + . .      Spirit   .   (armour unavailable)
rPois   .          Reflect  .   (helmet restricted)
rElec   .          Harm     .   j - +2 cloak
rCorr   +          Rampage  .   (no gloves)
Will    .....                   (no boots)
Stlth   +.........              (no amulet)
HPRegen 0.22/turn               i - +4 ring of protection
MPRegen 0.16/turn               m - +6 ring of intelligence

@: short of breath, glowing
A: spit acid, AC +7, unfitting armour, cold-blooded, acid resistance
a: Breathe Acid, Renounce Religion, Divine Shield


You were on level 8 of the Dungeon.
You worshipped the Shining One.
The Shining One was pleased with you.
You visited 2 branches of the dungeon, and saw 9 of its levels.

You collected 439 gold pieces.

Inventory:

Hand Weapons
 e - a +1 dagger of holy wrath
 p - a +2 quarterstaff
 v - a +1 whip of electrocution (weapon)
Missiles
 b - 144 stones
 d - 21 poisoned darts
Armour
 j - a +2 cloak (worn)
 y - an orb of guile (worn)
Jewellery
 g - a +6 ring of dexterity
 i - a +4 ring of protection (left hand)
 m - a +6 ring of intelligence (right hand)
 n - a ring of flight
Wands
 c - a wand of charming (11)
 o - a wand of iceblast (8)
 u - a wand of flame (11)
 w - a wand of polymorph (15)
Scrolls
 f - 4 scrolls of teleportation
 k - 2 scrolls of noise
Potions
 a - a potion of haste
 h - 2 potions of attraction
 q - a potion of brilliance
 t - a potion of lignification {unknown}
 x - a potion of curing
 z - a potion of heal wounds {unknown}
 A - a potion of ambrosia {unknown}


   Skills:
 - Level 3.3 Fighting
 - Level 0.7 Short Blades
 - Level 5.6 Staves
 + Level 4.2 Dodging
 - Level 2.0 Stealth
 - Level 6.1 Spellcasting
 - Level 3.0 Conjurations
 + Level 3.1 Summonings
 - Level 5.2 Transmutations
 - Level 5.2 Ice Magic
 + Level 3.1 Air Magic
 - Level 4.1 Earth Magic
 + Level 2.2 Invocations


You had 4 spell levels left.
You knew the following spells:

 Your Spells              Type           Power      Damage    Failure   Level
a - Sandblast             Erth           58%        2d13      1%          1
b - Stone Arrow           Conj/Erth      52%        3d10      4%          3
c - Frozen Ramparts       Ice            70%        1d9       2%          3
d - Petrify               Tmut/Erth      32%        N/A       10%         4
e - Passwall              Tmut/Erth      26%        N/A       1%          2
f - Summon Lightning Spi  Summ/Air       24%        N/A       19%         4

Your spell library contained the following spells:

 Spells                   Type           Power      Damage    Failure   Level
 Freeze                   Ice            100%       1d11      1%          1
 Hailstorm                Conj/Ice       29%        3d8       12%         4
 Airstrike                Air            12%        N/A       19%         4
 Gell's Gravitas          Tloc           7%         N/A       21%         3
 Lesser Beckoning         Tloc           7%         N/A       21%         3
 Teleport Other           Tloc           7%         N/A       21%         3
 Lee's Rapid Deconstruct  Erth           14%        3d10*     34%         5
 Lightning Bolt           Conj/Air       12%        1d25      47%         5
 Iron Shot                Conj/Erth      13%        9d3       94%         6
 Shatter                  Erth           14%        3d14*     100%        9


Dungeon Overview and Level Annotations

Branches:
Dungeon (8/15)             Temple (1/1) D:4
   Lair: D:8-11

Altars:
Cheibriados
Dithmenos
Elyvilon
Fedhas
Gozag
Hepliaklqana
Kikubaaqudgha
Makhleb
Nemelex Xobeh
Okawaru
Qazlal
Ru
Sif Muna
Trog
Uskayaw
Vehumet
Wu Jian
Xom
Yredelemnul
Zin
The Shining One

Shops:
D:5 ?   D:6 *

Annotations:
D:6 exclusion: oklob plant


Innate Abilities, Weirdness & Mutations

You can spit globs of acid.
Your golden yellow scales are hard. (AC +7)
You cannot fit into any form of body armour.
You are cold-blooded and may be slowed by cold attacks.
You are resistant to acid. (rCorr)


Message History

The boulder beetle bites you.
You hit the boulder beetle but do no damage.
The boulder beetle is heavily wounded.
The boulder beetle bites you!!
You hit the boulder beetle but do no damage.
You tail-slap the boulder beetle, but do no damage.
The boulder beetle is heavily wounded.
The boulder beetle stops moving altogether!
You hit the boulder beetle but do no damage.
You tail-slap the boulder beetle.
The boulder beetle is heavily wounded.
You hit the boulder beetle but do no damage.
The boulder beetle is heavily wounded.
You hit the boulder beetle but do no damage.
The boulder beetle is heavily wounded.
You hit the boulder beetle but do no damage.
Lightning courses through the boulder beetle!!
The boulder beetle is severely wounded.
You hit the boulder beetle but do no damage.
You tail-slap the boulder beetle.
The boulder beetle is severely wounded.
You hit the boulder beetle but do no damage.
You tail-slap the boulder beetle, but do no damage.
The boulder beetle is severely wounded.
You hit the boulder beetle but do no damage.
You tail-slap the boulder beetle, but do no damage.
The boulder beetle is severely wounded.
You hit the boulder beetle but do no damage.
The boulder beetle is severely wounded.
The boulder beetle is no longer petrified.
The boulder beetle bites you!!
The boulder beetle curls into a ball and begins rolling!
Press: ? - help, Shift-Dir - straight line, f/p - boulder beetle
Aim: a boulder beetle (severely wounded, rolling, haloed, 100% to hit)
You spit a glob of acid.
The glob of acid hits the boulder beetle!
The acid corrodes the boulder beetle!
The boulder beetle is severely wounded.
The boulder beetle hits you!!!
You die...

#'###...........○8...............
...................#######.......
.#.......##'#..#####..#..#...#...
.........#..#..#...+..'..#...# ..
.###.....#..#..'...#######...# .
.##......####[.#####.....P..##
...............○.............
.##.............B...........#
###.............@........... #
#..#......####[..#........
8##.##....### ##).#........
.##......)# ####............
._#..###### #...............
.##.## #............... 8####
###.......######. #
#########..)).........
###......)).#.......####


You could see a boulder beetle (rolling, corroded).

Vanquished Creatures
  Pikel (D:7)
  Joseph (D:7)
  Maggie (D:7)
  5 yaks (D:8)
  A wyvern (D:8)
  Menkaure (D:7)
  Edmund (D:6)
  Duvessa (D:5)
  2 ice beasts
  A necrophage (D:6)
  3 ogres
  2 centaurs
  Blork the orc (D:5)
  2 kobold brigands
  A scorpion (D:5)
  Dowan (D:5)
  A water moccasin skeleton (D:7)
  3 howler monkeys
  2 bullfrog zombies
  7 hounds
  An orc priest (D:3)
  A bullfrog skeleton (D:7)
  An iguana (D:5)
  An orc wizard (D:8)
  A hound skeleton (D:4)
  8 gnolls
  A howler monkey skeleton (D:6)
  7 adders
  2 shadow imps
  3 white imps
  An ufetubus (D:6)
  2 worms
  2 dart slugs
  27 orcs
  8 bats
  8 endoplasms
  5 giant cockroaches
  10 goblins
  11 hobgoblins
  17 kobolds
  2 quokkas
  11 ball pythons
  3 frilled lizards
  3 rats
174 creatures vanquished.

Vanquished Creatures (others)
  12 plants
12 creatures vanquished.

Grand Total: 186 creatures vanquished

Notes
Turn   | Place    | Note
-------+----------+-------------------------------------------
     0 | D:1      | sizableburger the Draconian Earth Elementalist began the
                  | quest for the Orb.
     0 | D:1      | Reached XP level 1. HP: 14/14 MP: 3/3
   381 | D:1      | Reached XP level 2. HP: 14/20 MP: 0/5
   489 | D:1      | Found a faded altar of an unknown god.
  1464 | D:2      | Reached XP level 3. HP: 26/26 MP: 3/6
  2016 | D:2      | Learned a level 3 spell: Stone Arrow
  2727 | D:3      | Reached XP level 4. HP: 33/33 MP: 4/7
  2732 | D:3      | Reached skill level 1 in Conjurations
  2836 | D:3      | Noticed a black bear
  3543 | D:3      | Reached XP level 5. HP: 39/39 MP: 4/8
  3866 | D:3      | Reached skill level 1 in Fighting
  4168 | D:4      | Found a staircase to the Ecumenical Temple.
  4227 | Temple   | Entered the Ecumenical Temple
  4269 | Temple   | Became a worshipper of the Shining One
  4452 | D:4      | Reached skill level 1 in Staves
  4453 | D:4      | Reached XP level 6. HP: 48/48 MP: 4/9
  4995 | D:5      | Entered Level 5 of the Dungeon
  5121 | D:5      | Found a white marble altar of Elyvilon.
  5172 | D:5      | Found a sparkling altar of Nemelex Xobeh.
  5800 | D:4      | Learned a level 3 spell: Frozen Ramparts
  5839 | D:5      | Your scales start taking on a golden yellow colour.
  5839 | D:5      | Reached XP level 7. HP: 57/57 MP: 7/11
  5839 | D:5      | Gained mutation: You are resistant to acid. (rCorr) [Yellow
                  | Draconian growth]
  5898 | D:5      | Noticed Blork the orc
  5902 | D:5      | Killed Blork the orc
  5903 | D:5      | Reached skill level 3 in Spellcasting
  5903 | D:5      | Reached skill level 1 in Ice Magic
  5911 | D:5      | Learned a level 4 spell: Petrify
  6092 | D:5      | Found Gutazucu's Magic Scroll Shoppe.
  6248 | D:6      | Noticed Dowan
  6249 | D:6      | Noticed Duvessa
  6272 | D:5      | Killed Duvessa
  6360 | D:5      | Killed Dowan
  6532 | D:6      | Noticed Edmund
  6561 | D:6      | Killed Edmund
  6562 | D:6      | Reached XP level 8. HP: 33/63 MP: 1/13
  6755 | D:6      | Learned a level 2 spell: Passwall
  6850 | D:6      | Found Deos's General Store.
  6930 | D:6      | Reached skill level 4 in Spellcasting
  7110 | D:6      | Reached * piety under the Shining One
  7329 | D:6      | Found a blossoming altar of Fedhas.
  7349 | D:6      | Noticed an oklob plant
  8019 | D:7      | Noticed Joseph
  8032 | D:7      | Killed Joseph
  8033 | D:7      | Reached skill level 5 in Staves
  8261 | D:7      | Identified the +2 ring mail of Kleptomania {Rampage}
  8382 | D:7      | Reached skill level 5 in Spellcasting
  8388 | D:7      | Noticed Pikel
  8397 | D:7      | Killed Pikel
  8398 | D:7      | Reached XP level 9. HP: 63/70 MP: 10/17
  8569 | D:7      | Noticed Maggie
  8577 | D:7      | Killed Maggie
  8578 | D:7      | Reached skill level 5 in Transmutations
  8578 | D:7      | Reached skill level 5 in Ice Magic
  8693 | D:7      | Learned a level 4 spell: Summon Lightning Spire
  8694 | D:7      | Noticed Menkaure
  8696 | D:7      | Killed Menkaure
  8891 | D:7      | Reached skill level 1 in Summonings
  8891 | D:7      | Reached skill level 1 in Air Magic
  8948 | D:7      | Found an ancient bone altar of Kikubaaqudgha.
  9296 | D:8      | Reached skill level 6 in Spellcasting
  9365 | D:8      | Reached ** piety under the Shining One
  9417 | D:8      | Got Lee's Collected Works on Clay
  9438 | D:8      | Found a burning altar of Makhleb.
  9475 | D:8      | Noticed a boulder beetle
 10324 | D:8      | Reached skill level 1 in Invocations
 10337 | D:8      | Reached XP level 10. HP: 38/77 MP: 8/19
 10732 | D:8      | Mangled by a boulder beetle

Illustrated notes

Levels and vault maps discovered:
D:1:      dpeg_arrival_boxorama, layout_basic, nicolae_ecumenical_snake_handling
D:2:      layout_loops_corners
D:3:      minmay_diamond_boxcup, layout_basic, minmay_goblin_kobold_house
D:4:      layout_loops_cross, minmay_temple_entry_glass,
          kennysheep_generic_room_12
D:5:      layout_loops_ring, nemelex_spade_bored_becter, elyvilon_altar_4,
          serial_shops, nicolae_lakefront_shop, uniq_blork_the_orc
D:6:      layout_cave_pods, tgw_fedhas, serial_shops, shop_statue, uniq_duvessa,
          uniq_edmund
D:7:      layout_loops_corners, overflow_temple_1_default, uniq_maggie,
          uniq_pikel, uniq_menkaure, uniq_joseph
D:8:      corexii_shack_village, layout_rooms, mainiacjoe_overflow_24_doors,
          nicolae_overflow_hidden_temple, david_lair_shrubbed, serial_shops,
          nicolae_inconvenience_store
Temple:   regret_index_temple_sphere_string

Skill      XL: |  1  2  3  4  5  6  7  8  9 |
---------------+----------------------------+-----
Stealth        | 2 |  2.0
Dodging        | 2 4 |  4.2
Conjurations   | 1 2 3 |  3.0
Earth Magic    | 4 |  4.1
Fighting       | 2 3 |  3.3
Staves         | 1 2 3 5 |  5.6
Spellcasting   | 3 5 6 |  6.1
Ice Magic      | 2 4 5 |  5.2
Transmutations | 2 4 5 |  5.2
Summonings     | 3 |  3.1
Air Magic      | 3 |  3.1
Invocations    | 2 |  2.2
Short Blades   | |  0.7

Action                   |  1- 3 |  4- 6 |  7- 9 | 10-12 || total
-------------------------+-------+-------+-------+-------++-------
Melee: Dagger            |    88 |   109 |       |       ||   197
       Tailslap          |     6 |    22 |    41 |     6 ||    75
       Punch             |     1 |       |       |       ||     1
       Quarterstaff      |       |    92 |   116 |       ||   208
       Whip              |       |       |    58 |    12 ||    70
 Cast: Sandblast         |    25 |    45 |    42 |     5 ||   117
       Stone Arrow       |       |    12 |    10 |     3 ||    25
       Frozen Ramparts   |       |       |     6 |     1 ||     7
       Passwall          |       |       |     5 |       ||     5
       Petrify           |       |       |     1 |     2 ||     3
Invok: Divine Shield     |       |       |     1 |       ||     1
 Abil: Breathe Acid      |       |       |    15 |     2 ||    17
  Use: Scroll            |     1 |     3 |     7 |     5 ||    16
       Potion            |       |       |     1 |     1 ||     2
 Stab: Sleeping          |     7 |     5 |       |       ||    12
Armor: Skin              |    35 |    98 |   106 |       ||   239
Dodge: Dodged            |    52 |   147 |   128 |     4 ||   331
Block: Other             |       |       |     2 |       ||     2

Table legend: (Time is in decaauts)
 A = Elapsed time spent in this place.
 B = Non-inter-level travel time spent in this place.
 C = Inter-level travel time spent in this place.
 D = Time resting spent in this place.
 E = Time spent auto-exploring this place.
 F = Levels seen in this place.
 G = Mean time per level.
                   A        B        C        D        E       F      G
               +--------+--------+--------+--------+--------+-----+--------+
         Total |  10770 |  10053 |    717 |   2231 |   6024 |   9 | 1196.7 |
       Dungeon |  10639 |  10001 |    638 |   2231 |   5994 |   8 | 1329.9 |
        Temple |    131 |     52 |     79 |      0 |     30 |   1 |  131.0 |
               +--------+--------+--------+--------+--------+-----+--------+

Top non-repeatable levels by time:
     D:7: 1469 daAuts
     D:1: 1457 daAuts
     D:8: 1429 daAuts
     D:5: 1379 daAuts
     D:6: 1347 daAuts
     D:3: 1259 daAuts
     D:2: 1222 daAuts
     D:4: 1074 daAuts
  Temple: 131 daAuts
